APP
MISSOULA OSPREY @ SAN DIEGO (APP) PADRES
11/03/2049
 
TOP OF THE 1ST
High Desert Mavericks batting - Pitching for Lake Elsinore Storm : RHP Liam Tate
Pitching: RHP Liam Tate
Batting: RHB Sean Neuroth 0-0: Ground out 6-3 (Groundball, 56, EV 85.0 MPH)
Batting: LHB Nick Foutz 0-0: Foul Ball, location: 2F
0-1: Foul Ball, location: 2F
0-2: Ball
1-2: Strikes out swinging
Batting: RHB Imbart Faber 0-0: Called Strike
0-1: Swinging Strike
0-2: Ball
1-2: Ground out 4-3 (Groundball, 4, EV 103.1 MPH)
Top of the 1st over - 0 runs, 0 hits, 0 errors, 0 left on base; High Desert 0 - Lake Elsinore 0
BOTTOM OF THE 1ST
Lake Elsinore Storm batting - Pitching for High Desert Mavericks : RHP Eric Richards
Pitching: RHP Eric Richards
Batting: RHB Alex Collazo 0-0: DOUBLE (Flyball, 78XD, EV 102.5 MPH)
Batting: RHB Victor Contreras 0-0: Called Strike
0-1: Fly out, F7 (Flyball, 7, EV 91.9 MPH)
Batting: RHB Devon Dill 0-0: Foul Ball, location: 2F
0-1: Foul Ball, location: 2F
0-2: Ball
1-2: Ball
2-2: Ground out 4-3 (Groundball, 4M, EV 100.0 MPH)
Alex Collazo to third
Batting: LHB Justin Daley 0-0: Ball
1-0: Foul Ball, location: 2F
1-1: Foul Ball, location: 2F
1-2: Foul Ball, location: 2F
1-2: Ball
2-2: Strikes out swinging
Bottom of the 1st over - 0 runs, 1 hit, 0 errors, 1 left on base; High Desert 0 - Lake Elsinore 0
TOP OF THE 2ND
High Desert Mavericks batting - Pitching for Lake Elsinore Storm : RHP Liam Tate
Batting: LHB Ben Radach 0-0: Foul Ball, location: 2F
0-1: Ball
1-1: Foul Ball, location: 2F
1-2: Foul Ball, location: 2F
1-2: Ball
2-2: Ball
3-2: Foul Ball, location: 2F
3-2: Foul Ball, location: 2F
3-2: Fly out, F8 (Flyball, 89M, EV 90.6 MPH)
Batting: RHB Matt Sanders 0-0: Called Strike
0-1: TRIPLE (Flyball, 9D, EV 103.8 MPH)
Batting: RHB Ron Corn 0-0: Called Strike
0-1: Ball
1-1: Called Strike
1-2: Ball
Wild Pitch!
Matt Sanders scores
2-2: SINGLE (Line Drive, 89S, EV 93.1 MPH)
Batting: RHB Luis Arce 0-0: Called Strike
0-1: Fly out, F5 (Popup, 25, EV 79.4 MPH)
Batting: RHB Dennis Daniels 0-0: Ground out 4-3 (Groundball, 34, EV 107.5 MPH)
Top of the 2nd over - 1 run, 2 hits, 0 errors, 1 left on base; High Desert 1 - Lake Elsinore 0
BOTTOM OF THE 2ND
Lake Elsinore Storm batting - Pitching for High Desert Mavericks : RHP Eric Richards
Batting: RHB Yuusei Narita 0-0: Fly out, F8 (Flyball, 8LM, EV 75.0 MPH)
Batting: LHB Dean Luttman 0-0: Swinging Strike
0-1: DOUBLE (Line Drive, 9LM, EV 109.4 MPH)
Batting: RHB Phil McFadden 0-0: Ball
1-0: Called Strike
1-1: Called Strike
1-2: Strikes out looking
Batting: RHB Max Stillo 0-0: Ball
1-0: Ball
2-0: Called Strike
2-1: Swinging Strike
2-2: Ground out 6-3 (Groundball, 6, EV 89.4 MPH)
Bottom of the 2nd over - 0 runs, 1 hit, 0 errors, 1 left on base; High Desert 1 - Lake Elsinore 0
TOP OF THE 3RD
High Desert Mavericks batting - Pitching for Lake Elsinore Storm : RHP Liam Tate
Batting: RHB Gavin Fimple 0-0: Called Strike
0-1: Foul Ball, location: 2F
0-2: Ball
1-2: Ball
2-2: Foul Ball, location: 2F
2-2: Ball
3-2: Ground out 6-3 (Groundball, 6, EV 79.4 MPH)
Batting: RHB Sean Neuroth 0-0: Called Strike
0-1: Ball
1-1: Called Strike
1-2: Ball
2-2: Ball
3-2: SINGLE (Groundball, 56D, EV 108.1 MPH)
Batting: LHB Nick Foutz 0-0: Ball
1-0: Called Strike
1-1: Ball
2-1: Swinging Strike
Sean Neuroth is caught stealing 2nd base 2-6
2-2: Ground out 6-3 (Groundball, 56, EV 103.1 MPH)
Top of the 3rd over - 0 runs, 1 hit, 0 errors, 0 left on base; High Desert 1 - Lake Elsinore 0
BOTTOM OF THE 3RD
Lake Elsinore Storm batting - Pitching for High Desert Mavericks : RHP Eric Richards
Batting: RHB Ed Oake 0-0: Ball
1-0: Swinging Strike
1-1: Ball
2-1: Fly out, F8 (Flyball, 8LD, EV 95.6 MPH)
Batting: RHB Alex Collazo 0-0: Ball
1-0: Ball
2-0: Ball
3-0: Called Strike
3-1: Ground out 5-3 (Groundball, 56S, EV 90.0 MPH)
Batting: RHB Victor Contreras 0-0: Ball
1-0: Called Strike
1-1: Foul Ball, location: 2F
1-2: Strikes out looking
Bottom of the 3rd over - 0 runs, 0 hits, 0 errors, 0 left on base; High Desert 1 - Lake Elsinore 0
TOP OF THE 4TH
High Desert Mavericks batting - Pitching for Lake Elsinore Storm : RHP Liam Tate
Batting: RHB Imbart Faber 0-0: Ball
1-0: Ball
2-0: Called Strike
2-1: Foul Ball, location: 2F
2-2: Ball
3-2: SINGLE (Groundball, 4M, EV 101.9 MPH) (infield hit)
Batting: LHB Ben Radach 0-0: Foul Ball, location: 2F
0-1: Fly out, F7 (Flyball, 78S, EV 92.5 MPH)
Batting: RHB Matt Sanders 0-0: Called Strike
Imbart Faber steals 2nd base
0-1: Foul Ball, location: 2F
0-2: Strikes out swinging
Batting: RHB Ron Corn 0-0: Foul Ball, location: 2F
0-1: Fly out, F7 (Flyball, 78S, EV 81.2 MPH)
Top of the 4th over - 0 runs, 1 hit, 0 errors, 1 left on base; High Desert 1 - Lake Elsinore 0
BOTTOM OF THE 4TH
Lake Elsinore Storm batting - Pitching for High Desert Mavericks : RHP Eric Richards
Batting: RHB Devon Dill 0-0: Fly out, F8 (Flyball, 8LD, EV 88.8 MPH)
Batting: LHB Justin Daley 0-0: Ball
1-0: Swinging Strike
1-1: Foul Ball, location: 2F
1-2: Foul Ball, location: 2F
1-2: Strikes out swinging
Batting: RHB Yuusei Narita 0-0: Foul Ball, location: 2F
0-1: Ball
1-1: Foul Ball, location: 2F
1-2: Foul Ball, location: 2F
1-2: Fly out, F8 (Flyball, 78S, EV 78.1 MPH)
Bottom of the 4th over - 0 runs, 0 hits, 0 errors, 0 left on base; High Desert 1 - Lake Elsinore 0
TOP OF THE 5TH
High Desert Mavericks batting - Pitching for Lake Elsinore Storm : RHP Liam Tate
Batting: RHB Luis Arce 0-0: Ball
1-0: SINGLE (Line Drive, 8LS, EV 90.6 MPH)
Batting: RHB Dennis Daniels 0-0: Foul Ball, location: 2F
0-1: Ball
1-1: Ball
2-1: Ball
Luis Arce is caught stealing 2nd base 2-4
3-1: Fly out, F8 (Line Drive, 8RS, EV 100.6 MPH)
Batting: RHB Gavin Fimple 0-0: Fly out, F9 (Flyball, 9, EV 89.4 MPH)
Top of the 5th over - 0 runs, 1 hit, 0 errors, 0 left on base; High Desert 1 - Lake Elsinore 0
BOTTOM OF THE 5TH
Lake Elsinore Storm batting - Pitching for High Desert Mavericks : RHP Eric Richards
Batting: LHB Dean Luttman 0-0: Called Strike
0-1: Called Strike
0-2: Ball
1-2: SINGLE (Groundball, 13, EV 91.9 MPH) (infield hit)
Batting: RHB Phil McFadden 0-0: Ball
1-0: Called Strike
1-1: Foul Ball, location: 2F
1-2: Ball
2-2: Strikes out looking
Batting: RHB Max Stillo 0-0: Ball
1-0: Called Strike
1-1: Foul Ball, location: 2F
1-2: Ball
2-2: Ground out U3 (Groundball, 3S, EV 65.6 MPH)
Dean Luttman to second
Batting: RHB Ed Oake 0-0: Swinging Strike
0-1: SINGLE (Groundball, 4MD, EV 96.9 MPH)
Dean Luttman to third
Runner from 3rd tries for Home, SAFE, throw by CF to home
Batting: RHB Alex Collazo 0-0: Ball
1-0: Foul Ball, location: 2F
1-1: Foul Ball, location: 2F
1-2: Ball
2-2: Fly out, F8 (Line Drive, 8RD, EV 98.8 MPH)
Bottom of the 5th over - 1 run, 2 hits, 0 errors, 1 left on base; High Desert 1 - Lake Elsinore 1
TOP OF THE 6TH
High Desert Mavericks batting - Pitching for Lake Elsinore Storm : RHP Liam Tate
Batting: RHB Sean Neuroth 0-0: Called Strike
0-1: Ground out 5-3 (Groundball, 56S, EV 70.6 MPH)
Batting: LHB Nick Foutz 0-0: Ball
1-0: Ball
2-0: Ball
3-0: Base on Balls
Batting: RHB Imbart Faber 0-0: Called Strike
0-1: Foul Ball, location: 2F
0-2: Ball
1-2: SINGLE (Line Drive, 4D, EV 112.5 MPH)
Nick Foutz to second
Batting: LHB Ben Radach 0-0: Foul Ball, location: 2F
0-1: SINGLE (Groundball, 6MS, EV 67.5 MPH) (infield hit)
Nick Foutz to third
Imbart Faber to second
Pinch Hitting: LHB Yat-sen Zhu 0-0: Ball
1-0: Fly out, F6 (Popup, 6M, EV 78.8 MPH)
Batting: RHB Ron Corn 0-0: Ball
1-0: Foul Ball, location: 2F
1-1: Ball
2-1: SINGLE (Line Drive, 4MD, EV 108.1 MPH)
Nick Foutz scores
Imbart Faber to third
Ben Radach to second
Runner from 3rd tries for Home, SAFE, throw by CF to home
Pitching: RHP Alberto Cuevas
Batting: RHB Luis Arce 0-0: Called Strike
0-1: Ball
1-1: Ball
2-1: Swinging Strike
2-2: Foul Ball, location: 2F
2-2: Foul Ball, location: 2F
2-2: Ball
3-2: Strikes out swinging
Top of the 6th over - 2 runs, 3 hits, 0 errors, 2 left on base; High Desert 3 - Lake Elsinore 1
BOTTOM OF THE 6TH
Lake Elsinore Storm batting - Pitching for High Desert Mavericks : RHP Eric Richards
Now in LF: Orlando Melchor
Now in CF: Nick Foutz
Batting: RHB Victor Contreras 0-0: Ball
1-0: Fly out, F3 (Popup, 3F, EV 68.8 MPH)
Batting: RHB Devon Dill 0-0: Swinging Strike
0-1: Called Strike
0-2: Ball
1-2: Ball
2-2: Fly out, F7 (Flyball, 7, EV 88.1 MPH)
Batting: LHB Justin Daley 0-0: Ground out 4-3 (Groundball, 4M, EV 104.4 MPH)
Bottom of the 6th over - 0 runs, 0 hits, 0 errors, 0 left on base; High Desert 3 - Lake Elsinore 1
TOP OF THE 7TH
High Desert Mavericks batting - Pitching for Lake Elsinore Storm : RHP Alberto Cuevas
Batting: RHB Dennis Daniels 0-0: Swinging Strike
0-1: Foul Ball, location: 2F
0-2: Strikes out looking
Batting: RHB Gavin Fimple 0-0: Called Strike
0-1: Ball
1-1: Fly out, F8 (Flyball, 8RM, EV 80.6 MPH)
Batting: RHB Sean Neuroth 0-0: Called Strike
0-1: Called Strike
0-2: Ball
1-2: Foul Ball, location: 2F
1-2: Foul Ball, location: 2F
1-2: Ground out 4-3 (Groundball, 4, EV 97.5 MPH)
Top of the 7th over - 0 runs, 0 hits, 0 errors, 0 left on base; High Desert 3 - Lake Elsinore 1
BOTTOM OF THE 7TH
Lake Elsinore Storm batting - Pitching for High Desert Mavericks : RHP Eric Richards
Batting: RHB Yuusei Narita 0-0: Ball
1-0: Called Strike
1-1: Foul Ball, location: 2F
1-2: SINGLE (Groundball, 3D, EV 98.1 MPH)
Batting: LHB Dean Luttman 0-0: Sac Bunt to 25 - play at first, batter safe!
Yuusei Narita to second
Batting: RHB Phil McFadden 0-0: Ball
1-0: Ball
2-0: Fly out, F6 (Popup, 56D, EV 55.0 MPH)
Pinch Hitting: RHB Eric McMillian 0-0: Ball
1-0: Fly out, F7 (Flyball, 78XD, EV 95.6 MPH)
Pinch Hitting: RHB Hector Fernandez 0-0: Ball
1-0: Called Strike
1-1: Ball
2-1: Ball
3-1: Foul Ball, location: 2F
3-2: Fly out, F7 (Flyball, 7D, EV 99.4 MPH)
Bottom of the 7th over - 0 runs, 2 hits, 0 errors, 2 left on base; High Desert 3 - Lake Elsinore 1
TOP OF THE 8TH
High Desert Mavericks batting - Pitching for Lake Elsinore Storm : RHP Alberto Cuevas
Now at 3B: Hector Fernandez
Now at SS: Eric McMillian
Batting: LHB Nick Foutz 0-0: Ball
1-0: Ball
2-0: Foul Ball, location: 2F
2-1: Fly out, F9 (Flyball, 9, EV 93.8 MPH)
Batting: RHB Imbart Faber 0-0: Called Strike
0-1: Ball
1-1: Foul Ball, location: 2F
1-2: Strikes out looking
Batting: LHB Ben Radach 0-0: Ball
1-0: Ball
2-0: Ball
3-0: Swinging Strike
3-1: Base on Balls
Batting: RHB Orlando Melchor 0-0: Called Strike
0-1: Ball
1-1: Ball
2-1: Ball
3-1: Base on Balls
Ben Radach to second
Pitching: RHP Roger Watkins
Batting: RHB Ron Corn 0-0: Called Strike
0-1: Swinging Strike
0-2: Ball
1-2: Ball
2-2: Ball
3-2: Foul Ball, location: 2F
3-2: Foul Ball, location: 2F
3-2: SINGLE (Groundball, 4D, EV 106.2 MPH)
Ben Radach to third
Orlando Melchor to second
Ben Radach scores
Orlando Melchor to third
Batting: RHB Luis Arce 0-0: Called Strike
0-1: Ball
1-1: Foul Ball, location: 2F
1-2: Foul Ball, location: 2F
1-2: Foul Ball, location: 2F
1-2: Strikes out swinging
Top of the 8th over - 1 run, 1 hit, 0 errors, 2 left on base; High Desert 4 - Lake Elsinore 1
BOTTOM OF THE 8TH
Lake Elsinore Storm batting - Pitching for High Desert Mavericks : RHP Eric Richards
Now at 1B: Aaron Graham
Batting: RHB Alex Collazo 0-0: Ball
1-0: Ball
2-0: Ball
3-0: Swinging Strike
3-1: Base on Balls
Batting: RHB Victor Contreras 0-0: Ball
1-0: Grounds into double play, 5-4-3 (Groundball, 5, EV 98.1 MPH)
Batting: RHB Devon Dill 0-0: Called Strike
0-1: Ball
1-1: Foul Ball, location: 2F
1-2: Foul Ball, location: 2F
1-2: Ground out 5-3 (Groundball, 56S, EV 75.6 MPH)
Bottom of the 8th over - 0 runs, 0 hits, 0 errors, 0 left on base; High Desert 4 - Lake Elsinore 1
TOP OF THE 9TH
High Desert Mavericks batting - Pitching for Lake Elsinore Storm : RHP Roger Watkins
Pitching: RHP Dennis Seebacher
Batting: RHB Dennis Daniels 0-0: Called Strike
0-1: Ball
1-1: Fly out, F9 (Flyball, 89XD, EV 93.8 MPH)
Batting: RHB Gavin Fimple 0-0: Ball
1-0: Called Strike
1-1: Ball
2-1: Ball
3-1: Base on Balls
Batting: RHB Sean Neuroth 0-0: Ball
1-0: Swinging Strike
1-1: SINGLE (Groundball, 56S, EV 65.0 MPH) (infield hit)
Gavin Fimple to second
Batting: LHB Nick Foutz 0-0: Called Strike
0-1: Ball
Gavin Fimple steals 3rd base
Sean Neuroth to second
1-1: Foul Ball, location: 2F
1-2: Foul Ball, location: 2F
1-2: Ball
2-2: Ground out 4-3 (Groundball, 4, EV 81.9 MPH)
Gavin Fimple scores
Sean Neuroth to third
Batting: RHB Imbart Faber 0-0: Called Strike
0-1: Swinging Strike
0-2: Ball
1-2: Foul Ball, location: 2F
1-2: Ball
2-2: Foul Ball, location: 2F
2-2: Ball
3-2: Fly out, F3 (Popup, 34, EV 78.8 MPH)
Top of the 9th over - 1 run, 1 hit, 0 errors, 1 left on base; High Desert 5 - Lake Elsinore 1
BOTTOM OF THE 9TH
Lake Elsinore Storm batting - Pitching for High Desert Mavericks : RHP Eric Richards
Batting: LHB Justin Daley 0-0: Called Strike
0-1: Ball
1-1: Foul Ball, location: 2F
1-2: Fly out, F8 (Line Drive, 8LM, EV 96.2 MPH)
Batting: RHB Yuusei Narita 0-0: Ball
1-0: Foul Ball, location: 2F
1-1: Called Strike
1-2: Foul Ball, location: 2F
1-2: Foul Ball, location: 2F
1-2: Ball
2-2: Fly out, F7 (Flyball, 78S, EV 80.0 MPH)
Batting: LHB Dean Luttman 0-0: Ball
1-0: Ball
2-0: Ground out U3 (Groundball, 34S, EV 78.8 MPH)
Bottom of the 9th over - 0 runs, 0 hits, 0 errors, 0 left on base; High Desert 5 - Lake Elsinore 1
Sunday, July 16th , 2023 - OOTP Baseball 24.6 Build 69